 Dungeon Crawl Stone Soup version 0.26.1-10-gdfb7c7de75 (webtiles) character file.

Game seed: 5885854083958435174

3682 manyhoops the Transmogrifier (level 9, 0/75 HPs)
             Began as a Palentonga Transmuter on Apr 4, 2021.
             Was a Believer of Uskayaw.
             Killed from afar by Erica (26 damage)
             ... with a bolt of acid
             ... on level 8 of the Dungeon.
             The game lasted 00:18:19 (12655 turns).

manyhoops the Transmogrifier (PaTm)                Turns: 12655, Time: 00:18:20

Health: 0/75       AC: 13    Str: 17      XL:     9   Next: 90%
Magic:  0/17       EV: 10    Int: 10 (13) God:    Uskayaw [**....]
Gold:   330        SH:  0    Dex: 10 (11) Spells: 6/18 levels left

rFire    + . .     SeeInvis +     - Unarmed
rCold    . . .     Faith    .   (shield currently unavailable)
rNeg     . . .     Spirit   +   a - +0 robe
rPois    .         Reflect  .   l - +0 helmet
rElec    .         Harm     .   q - +0 cloak
rCorr    .         Rampage  .   (gloves currently unavailable)
Will     .....                  (no barding)
Stlth    ++........             e - amulet of guardian spirit
HPRegen  0.22/turn              m - ring of protection from fire
MPRegen  0.15/turn              h - ring of stealth

@: blade hands, curled up
A: large, rugged brown scales 3, see invisible, deformed body, roll 1, armoured
tail, reflexive curl
a: Rolling Charge, End Transformation, Renounce Religion, Stomp, Line Pass


You were on level 8 of the Dungeon.
You worshipped Uskayaw.
Uskayaw was noncommittal.
You had blades for hands.
You visited 2 branches of the dungeon, and saw 9 of its levels.
You also visited: Ossuary.

You collected 330 gold pieces.

Inventory:

Armour
 a - a +0 robe (worn)
 i - a +0 pair of gloves (melded)
 l - a +0 helmet (worn)
 q - a +0 cloak (worn)
Jewellery
 d - an uncursed ring of ice
 e - an amulet of guardian spirit (around neck)
 h - a ring of stealth (right scythe-like blade)
 m - a ring of protection from fire (left scythe-like blade)
 s - an uncursed amulet of the acrobat
Wands
 r - a wand of polymorph (7)
Scrolls
 b - 5 scrolls of teleportation
 c - 6 scrolls of remove curse
 f - 5 scrolls of noise
 g - a scroll of magic mapping
 k - a scroll of fear
 p - a scroll of enchant armour {unknown}
 w - a scroll of holy word {unknown}
 x - 5 scrolls of immolation
 y - a scroll of amnesia {unknown}
Potions
 j - a potion of magic {unknown}
 n - 2 potions of haste
 o - a potion of flight {unknown}
 t - a potion of berserk rage {unknown}
 u - 2 potions of brilliance
 v - a potion of curing
 z - a potion of mutation {unknown}


   Skills:
 - Level 4.1 Fighting
 - Level 1.5 Dodging
 - Level 8.7 Unarmed Combat
 + Level 5.4 Spellcasting
 - Level 9.6 Transmutations


You had 6 spell levels left.
You knew the following spells:

 Your Spells              Type           Power        Failure   Level
a - Beastly Appendage     Tmut           44%          11%         1
b - Wereblood             Tmut           22%          13%         2
c - Blade Hands           Tmut           11%          50%         5
d - Ice Form              Ice/Tmut       12%          73%         4

Your spell library contained the following spells:

 Spells                   Type           Power        Failure   Level
 Spider Form              Tmut/Pois      6%           43%         3
 Animate Skeleton         Necr           4%           65%         1
 Apportation              Tloc           4%           65%         1
 Corona                   Hex            2%           65%         1
 Summon Small Mammal      Summ           8%           65%         1


Dungeon Overview and Level Annotations

Branches:
Dungeon (8/15)             Temple (1/1) D:7         Ossuary (visited)
   Lair: D:8-11

Altars:
Ashenzari
Dithmenos
Elyvilon
Fedhas
Gozag
Hepliaklqana
Kikubaaqudgha
Makhleb
Nemelex Xobeh
Okawaru
Qazlal
Sif Muna
Trog
Uskayaw
Vehumet
Wu Jian
Xom
Yredelemnul
The Shining One

Annotations:
D:7 3 runed translucent doors, Domino's ghost, novice MiBe
D:8 Erica


Innate Abilities, Weirdness & Mutations

You are completely covered in rugged brown scales. (AC +3, +7% HP)
You have supernaturally acute eyesight. (SInv)
Armour fits poorly on your strangely shaped body.
You can roll at nearby foes to attack.
You have a long armoured tail.
You curl defensively after being hit.


Message History

Erica hits you with a +0 scimitar of flaming.
Erica burns you.
The gnoll throws a boomerang.
The boomerang hits you.
The weapon returns to the gnoll!
You hit Erica but do no damage.
Erica is heavily wounded.
You feel sick. The adder closely misses you.
The gnoll hits you from afar with a +0 halberd!
Erica barely misses you.
Unknown command.
You slash Erica!
Erica is severely wounded.
You feel sick. The adder barely misses you.
The gnoll throws a boomerang.
The boomerang barely misses you.
The weapon returns to the gnoll!
The gnoll hits you from afar with a +0 halberd!
* * * LOW HITPOINT WARNING * * *
Unknown command.
Okay, then.
You feel better. The adder closely misses you.
Erica zaps a wand.
The bolt of acid hits you!!
You die...

...##.#..........#
../..#.....#.#### #
##....#.....#..#
#.#<....#.....##.##
###.#'#.#.#..... #..#
..........#... ##.#
..........#### #.##
.......S...#####. #(.#
g......@@........ ##.##
..........###### #.>#
......g$......# ##.#
..g..........# #.#
.............###### #.#
...?..............# #.#
.........###......###.#
.......... +......'...#
.#######. #......#####


You could see Erica (invisible), 2 gnolls and an adder.

Vanquished Creatures
  A troll (D:7)
  Grum (D:8)
  A water moccasin (D:7)
  2 orc warriors (D:7)
  A sky beast (D:5)
  2 ice beasts
  4 ogres
  2 phantoms
  2 wolves (D:8)
  2 centaurs (D:7)
  5 bullfrogs
  2 gnoll sergeants
  5 scorpions
  A howler monkey (D:6)
  A centaur zombie (Ossuary)
  A human zombie (Ossuary)
  A jelly (D:5)
  4 orc priests
  2 hounds
  An orc wizard (D:3)
  Jessica (D:3)
  An iguana (D:6)
  Natasha (thrice) (D:4)
  8 worker ants
  A killer bee zombie (D:7)
  A big kobold zombie (Ossuary)
  2 hound zombies (D:5)
  2 hound skeletons
  5 mummies
  Robin (D:3)
  2 worker ant zombies
  16 gnolls
  6 adders
  2 shadow imps
  2 white imps
  3 oozes
  An adder zombie (D:6)
  3 worms
  3 dart slugs
  3 leopard geckos
  27 orcs
  4 giant cockroaches
  11 hobgoblins
  16 jackals
  4 kobolds
  2 quokkas
  3 ball pythons
  7 bats
  4 frilled lizards
  13 goblins
  2 hobgoblin zombies (Ossuary)
  2 kobold zombies (Ossuary)
  3 orc zombies
  2 quokka skeletons (D:5)
  6 rats
213 creatures vanquished.

Vanquished Creatures (others)
  A plant (D:5)
1 creature vanquished.

Grand Total: 214 creatures vanquished

Notes
Turn   | Place    | Note
-------+----------+-------------------------------------------
     0 | D:1      | manyhoops the Palentonga Transmuter began the quest for the
                  | Orb.
     0 | D:1      | Reached XP level 1. HP: 17/17 MP: 3/3
   477 | D:1      | Reached XP level 2. HP: 18/24 MP: 3/5
  1495 | D:2      | Reached XP level 3. HP: 30/31 MP: 6/6
  1543 | D:2      | Found an opulent altar of Gozag.
  1543 | D:2      | Found an ancient bone altar of Kikubaaqudgha.
  1551 | D:2      | Found a broken altar of Ashenzari.
  1563 | D:2      | Found a shadowy altar of Dithmenos.
  1565 | D:2      | Found a sparkling altar of Nemelex Xobeh.
  2380 | D:2      | Reached XP level 4. HP: 30/38 MP: 5/7
  2464 | D:2      | Noticed an ice beast
  2578 | D:3      | Noticed Jessica
  2583 | D:3      | Killed Jessica
  2699 | D:3      | Reached skill level 5 in Unarmed Combat
  2771 | D:3      | Noticed Robin
  2795 | D:3      | Killed Robin
  2796 | D:3      | Reached XP level 5. HP: 26/44 MP: 4/8
  3464 | D:3      | Found a hazy altar of Hepliaklqana.
  3609 | D:3      | Learned a level 2 spell: Wereblood
  4040 | D:4      | Noticed an ogre
  4048 | D:4      | Killed an ogre
  4049 | D:4      | Reached XP level 6. HP: 44/54 MP: 5/9
  4503 | D:4      | Noticed Natasha
  4512 | D:4      | Killed Natasha
  4519 | D:4      | Gained mutation: You curl defensively after being hit.
                  | [Palentonga growth]
  4519 | D:4      | Reached XP level 7. HP: 46/60 MP: 7/10
  4617 | D:4      | Noticed Natasha
  4620 | D:4      | Killed Natasha
  4840 | D:4      | Noticed Natasha
  4852 | D:4      | Killed Natasha
  5359 | D:4      | Found an ornate altar of the Wu Jian Council.
  5842 | D:2      | Found an iron altar of Okawaru.
  5951 | D:2      | Found a burning altar of Makhleb.
  6335 | D:5      | Entered Level 5 of the Dungeon
  6638 | D:5      | Reached XP level 8. HP: 63/70 MP: 9/11
  6830 | D:5      | Reached skill level 3 in Transmutations
  7005 | D:5      | Found a blossoming altar of Fedhas.
  7374 | D:5      | Reached skill level 4 in Transmutations
  7422 | D:5      | Reached skill level 5 in Transmutations
  8153 | D:6      | Reached skill level 6 in Transmutations
  8763 | D:6      | Reached skill level 7 in Transmutations
  9078 | D:6      | Found a white marble altar of Elyvilon.
  9146 | D:6      | Learned a level 5 spell: Blade Hands
  9305 | D:6      | Reached XP level 9. HP: 64/75 MP: 9/12
  9650 | D:6      | Reached skill level 8 in Transmutations
 10195 | D:7      | Found a runed translucent gate.
 10209 | D:7      | Found a sand-covered staircase.
 10233 | Ossuary  | Entered an ossuary
 10727 | D:7      | Reached skill level 9 in Transmutations
 10986 | D:7      | Found a runed translucent gate.
 11056 | D:7      | Found a staircase to the Ecumenical Temple.
 11080 | Temple   | Entered the Ecumenical Temple
 11317 | Temple   | Became a worshipper of Uskayaw the Reveller
 11354 | D:7      | Reached * piety under Uskayaw
 11362 | D:7      | Learned a level 4 spell: Ice Form
 11447 | D:7      | Reached ** piety under Uskayaw
 11638 | D:7      | Noticed a troll
 11641 | D:7      | Killed a troll
 11647 | D:7      | Reached *** piety under Uskayaw
 11650 | D:7      | Reached **** piety under Uskayaw
 12060 | D:7      | Found a runed translucent gate.
 12061 | D:7      | Noticed Domino's ghost (novice MiBe)
 12346 | D:8      | Noticed Erica
 12422 | D:8      | Noticed Grum
 12433 | D:8      | Reached skill level 5 in Spellcasting
 12435 | D:8      | Killed Grum
 12435 | D:8      | Reached ***** piety under Uskayaw
 12655 | D:8      | Killed from afar by Erica

Illustrated notes

Levels and vault maps discovered:
D:1:      elethiomel_arrival_infinity_welcomes_careful_drivers, layout_basic,
          serial_corexii_hall, chequers_hall_statues_wall_a,
          corexii_hall_statues_i, minmay_misc_feat_columns
D:2:      layout_rooms, marbit_many_paths, nicolae_overflow_crystal_walls,
          chequers_temple_overflow_minitemple, serial_co_window_serial,
          co_window_cross_1, co_window_corner_a, co_window_of_opportunity_a,
          co_window_corner_a, co_window_corner_a, co_window_of_opportunity_b,
          co_window_broadway_c, co_window_2corner, co_window_2corner,
          glass_columns_b, glass_columns_a, glass_columns_b, glass_columns_a,
          glass_columns_a, minmay_ruptured
D:3:      layout_rooms, nzn_hepliaklqana_mist_gate, uniq_jessica, uniq_robin
D:4:      layout_loops_ring, nicolae_overflow_hidden_temple, uniq_natasha
D:5:      layout_basic, fedhas_ov_isle_minmay, kennysheep_generic_room_9
D:6:      layout_loops_ring, elyvilon_altar_5
D:7:      minmay_cornered_nines, layout_cave_pods,
          minmay_temple_entry_mini_moons, ebering_ghost_rock_garden,
          nicolae_ossuary_entry_giza
D:8:      layout_basic, lemuel_doored_altar, basic_altar,
          kennysheep_small_square, uniq_grum, uniq_erica
Temple:   nicolae_temple_figure_zero

Skill      XL: |  1  2  3  4  5  6  7  8  9 |
---------------+----------------------------+-----
Unarmed Combat | 4 5 6 7 8 |  8.7
Fighting       | 2 3 4 |  4.1
Transmutations | 7 9 |  9.6
Spellcasting   | 5 |  5.4
Dodging        | |  1.5

Action                   |  1- 3 |  4- 6 |  7- 9 || total
-------------------------+-------+-------+-------++-------
Melee: Unarmed           |   114 |   178 |   481 ||   773
       Tailslap          |    11 |    20 |    70 ||   101
       Kick              |     8 |    16 |    24 ||    48
       Headbutt          |     2 |    10 |    13 ||    25
       Punch             |       |     6 |    13 ||    19
 Cast: Beastly Appendage |    12 |    10 |    16 ||    38
       Wereblood         |       |     2 |     3 ||     5
       Blade Hands       |       |       |     3 ||     3
 Abil: Rolling Charge    |       |     5 |    26 ||    31
  Use: Scroll            |     4 |     2 |    12 ||    18
       Potion            |     1 |       |     6 ||     7
 Stab: Paralysed         |       |       |     3 ||     3
       Sleeping          |       |       |     1 ||     1
Armor: Robe              |    45 |    53 |   134 ||   232
Dodge: Dodged            |    69 |    85 |   219 ||   373
